[ AOE2 MATCH · #474653356 ]
UnrankedMapuche vs Italians
[ REPLAY ANALYSIS · EXTRACTED FROM THE RECORDED GAME ]
Feudal
14:32
Castle
18:11
Imperial
36:18
| APM avg | 43.5 |
| APM peak | 73 |
| eAPM avg | 17.5 |
| Villagers / military | 105 / 50 |
Focus
⚔️ 35.1% · 🌾 64.9%
Bolas Rider ×39 · Mangonel ×9 · Fishing Ship ×6 · Spearman ×1 · Skirmisher ×1
Feudal
13:28
Castle
17:11
Imperial
32:00
| APM avg | 59.9 |
| APM peak | 97 |
| eAPM avg | 26.0 |
| Villagers / military | 117 / 45 |
Focus
⚔️ 29.4% · 🌾 70.6%
Genoese Crossbowman ×35 · Fishing Ship ×29 · Unknown (882) ×5 · Mangonel ×3 · Trebuchet (Packed) ×3 · Fire Galley ×2
Feudal
12:59
Castle
16:34
Imperial
—
| APM avg | 39.7 |
| APM peak | 71 |
| eAPM avg | 20.0 |
| Villagers / military | 134 / 13 |
Focus
⚔️ 31.2% · 🌾 68.8%
Unknown (2626) ×16 · Mangonel ×9 · Fishing Ship ×7 · Monk ×2 · Obuch ×2
Feudal
14:09
Castle
18:06
Imperial
37:55
| APM avg | 35.4 |
| APM peak | 61 |
| eAPM avg | 26.6 |
| Villagers / military | 199 / 37 |
Focus
⚔️ 15.7% · 🌾 84.3%
Fishing Ship ×33 · War Elephant ×31 · Mangonel ×3 · Trebuchet (Packed) ×3
Feudal
14:13
Castle
18:33
Imperial
36:46
| APM avg | 42.9 |
| APM peak | 74 |
| eAPM avg | 26.2 |
| Villagers / military | 132 / 99 |
Focus
⚔️ 30.3% · 🌾 69.7%
Skirmisher ×78 · Fishing Ship ×10 · Battering Ram ×7 · Transport Ship ×5 · Leitis ×4 · Bombard Cannon ×4
Feudal
12:39
Castle
25:26
Imperial
—
| APM avg | 32.1 |
| APM peak | 63 |
| eAPM avg | 24.0 |
| Villagers / military | 284 / 7 |
Focus
⚔️ 19.9% · 🌾 80.1%
Fishing Ship ×9 · Scout Cavalry ×7
Feudal
15:22
Castle
28:49
Imperial
—
| APM avg | 39.7 |
| APM peak | 118 |
| eAPM avg | 24.3 |
| Villagers / military | 106 / 16 |
Focus
⚔️ 43.4% · 🌾 56.6%
Fishing Ship ×15 · Rattan Archer ×13 · Spearman ×2 · Mangonel ×1 · Unknown (2626) ×1
Feudal
14:45
Castle
18:40
Imperial
36:22
| APM avg | 55.5 |
| APM peak | 117 |
| eAPM avg | 21.5 |
| Villagers / military | 129 / 11 |
Focus
⚔️ 36.8% · 🌾 63.2%
Unknown (2562) ×94 · Fishing Ship ×27 · Unknown (882) ×15 · Unknown (2626) ×10 · Fire Galley ×8 · Trebuchet (Packed) ×2
Match map
Initial resources + every placement click. Lines = walls · curves = elevation contours. ◆ gold · ⬟ stone · ● berries · ✦ relic · ◌ wall gap
Your base· Open — 10t gap
LaochraGael's base· Open — 3t gap
DS_TheHeartless's base· Open — unwalled flank
Gloriaz's base· Open — 12t gap
DL | Tortafuller's base· Open — unwalled flank
PossiblySean's base· Open — unwalled flank
DS_Moai's base· Open — unwalled flank
NuclearPasta's base· Open — unwalled flank
Smoothed initial terrain · ◌ = detected wall gap · hover for details
Inputs per minute
— Cris_1z - - LaochraGael
Build order — Cris_1z
First 150 of 254 actions detected
| 0:42 | Build | Town Center |
| 0:58 | Build | Dock |
| 1:13 | Build | Palisade Wall |
| 1:15 | Build | Palisade Wall |
| 2:29 | Build | House |
| 3:11 | Create | Villager (Male) ×4 |
| 4:42 | Create | Fishing Ship |
| 4:55 | Create | Villager (Male) |
| 5:16 | Create | Villager (Male) |
| 5:31 | Build | House |
| 5:49 | Create | Villager (Male) |
| 6:28 | Create | Villager (Male) |
| 6:28 | Create | Villager (Male) |
| 6:36 | Create | Fishing Ship |
| 6:50 | Build | House |
| 6:57 | Create | Villager (Male) |
| 6:57 | Create | Villager (Male) |
| 7:35 | Create | Villager (Male) |
| 7:56 | Create | Villager (Male) |
| 7:56 | Create | Villager (Male) |
| 7:58 | Create | Fishing Ship |
| 8:16 | Build | House |
| 8:52 | Create | Villager (Male) |
| 8:57 | Create | Fishing Ship |
| 9:26 | Create | Villager (Male) |
| 9:27 | Create | Villager (Male) |
| 9:41 | Create | Fishing Ship |
| 9:46 | Build | House |
| 10:04 | Create | Villager (Male) |
| 10:05 | Create | Villager (Male) |
| 10:39 | Create | Villager (Male) |
| 11:02 | Build | Settlement |
| 11:08 | Create | Villager (Male) |
| 11:19 | Build | House |
| 11:32 | Create | Villager (Male) |
| 11:35 | Research | Loom |
| 11:36 | Research | Feudal Age |
| 11:41 | Create | Fishing Ship |
| 12:50 | Build | Outpost |
| 12:56 | Build | Palisade Wall |
| 13:26 | Build | Palisade Wall |
| 13:54 | Create | Villager (Male) |
| 13:55 | Create | Villager (Male) |
| 14:32 | Age | Feudal Age |
| 14:40 | Build | Market |
| 14:43 | Build | Blacksmith |
| 14:56 | Research | Double-Bit Axe |
| 15:11 | Create | Villager (Male) |
| 15:31 | Research | Castle Age |
| 15:31 | Research | Castle Age |
| 15:36 | Build | Palisade Wall |
| 15:37 | Build | Palisade Wall |
| 15:38 | Build | Palisade Wall |
| 15:39 | Build | Palisade Wall |
| 15:39 | Build | Palisade Wall |
| 16:00 | Build | Palisade Gate |
| 16:05 | Research | Fletching |
| 16:33 | Create | Spearman |
| 16:51 | Build | Barracks |
| 17:14 | Research | Gold Mining |
| 17:19 | Create | Villager (Male) |
| 17:19 | Create | Villager (Male) |
| 17:36 | Build | Archery Range |
| 18:08 | Build | Archery Range |
| 18:11 | Age | Castle Age |
| 18:14 | Research | Bodkin Arrow |
| 18:15 | Create | Villager (Male) |
| 18:19 | Create | Bolas Rider |
| 18:21 | Create | Villager (Male) |
| 18:25 | Build | Palisade Wall |
| 18:48 | Research | Bow Saw |
| 18:54 | Create | Bolas Rider |
| 18:55 | Create | Bolas Rider |
| 19:06 | Build | Palisade Gate |
| 19:14 | Create | Bolas Rider |
| 19:15 | Create | Villager (Male) |
| 19:36 | Build | Settlement |
| 19:42 | Create | Villager (Male) |
| 19:46 | Build | House |
| 20:00 | Create | Bolas Rider |
| 20:00 | Create | Bolas Rider |
| 20:05 | Build | House |
| 20:35 | Create | Bolas Rider |
| 20:36 | Create | Villager (Male) |
| 20:36 | Create | Villager (Male) |
| 20:45 | Build | Town Center |
| 20:48 | Create | Villager (Male) |
| 21:01 | Create | Villager (Male) |
| 21:02 | Create | Bolas Rider |
| 21:02 | Create | Bolas Rider |
| 21:02 | Create | Bolas Rider |
| 21:07 | Create | Skirmisher |
| 21:52 | Build | Farm |
| 21:57 | Create | Villager (Male) |
| 22:00 | Build | Farm |
| 22:00 | Build | Farm |
| 22:00 | Build | Farm |
| 22:01 | Build | Farm |
| 22:39 | Create | Villager (Male) |
| 22:44 | Build | House |
| 22:45 | Build | House |
| 22:45 | Build | House |
| 23:01 | Create | Villager (Male) |
| 23:07 | Research | Horse Collar |
| 24:01 | Create | Villager (Male) ×3 |
| 24:02 | Create | Bolas Rider |
| 24:02 | Create | Bolas Rider |
| 24:06 | Build | Farm |
| 24:09 | Build | Farm |
| 24:10 | Build | Farm |
| 24:16 | Create | Bolas Rider |
| 24:16 | Create | Bolas Rider |
| 24:17 | Create | Bolas Rider |
| 24:22 | Create | Villager (Male) |
| 24:22 | Create | Villager (Male) |
| 24:50 | Build | Farm |
| 24:50 | Create | Villager (Male) |
| 24:52 | Create | Bolas Rider |
| 24:52 | Create | Bolas Rider |
| 25:16 | Build | Farm |
| 25:18 | Create | Villager (Male) ×2 |
| 25:38 | Create | Bolas Rider |
| 26:04 | Build | Siege Workshop |
| 26:29 | Create | Villager (Male) |
| 26:29 | Create | Villager (Male) |
| 26:31 | Research | Stone Mining |
| 26:34 | Build | Town Center |
| 26:42 | Create | Mangonel |
| 26:46 | Create | Bolas Rider |
| 26:46 | Create | Bolas Rider |
| 26:47 | Create | Villager (Male) |
| 26:47 | Create | Villager (Male) |
| 26:58 | Build | Farm |
| 26:58 | Build | Farm |
| 26:59 | Build | Farm |
| 26:59 | Build | Farm |
| 26:59 | Build | Farm |
| 26:59 | Build | Farm |
| 27:23 | Research | Padded Archer Armor |
| 27:47 | Create | Mangonel |
| 27:49 | Create | Bolas Rider |
| 27:49 | Create | Bolas Rider |
| 27:49 | Create | Villager (Male) ×3 |
| 27:54 | Build | House |
| 27:55 | Build | House |
| 27:55 | Build | House |
| 27:59 | Research | Town Watch |
| 28:07 | Create | Villager (Male) |
| 28:13 | Build | Settlement |
| 28:14 | Build | Farm |
Build order — LaochraGael
First 150 of 364 actions detected
| 0:07 | Build | Town Center |
| 1:14 | Build | Dock |
| 1:16 | Build | House |
| 2:30 | Create | Villager (Male) |
| 2:30 | Create | Villager (Male) |
| 2:30 | Create | Villager (Male) |
| 2:33 | Create | Villager (Male) |
| 2:33 | Create | Villager (Male) |
| 3:41 | Create | Fishing Ship |
| 3:41 | Create | Fishing Ship |
| 3:51 | Research | Loom |
| 4:21 | Build | House |
| 4:22 | Create | Villager (Male) |
| 4:22 | Create | Villager (Male) |
| 5:01 | Create | Fishing Ship |
| 5:01 | Create | Fishing Ship |
| 5:03 | Create | Villager (Male) |
| 5:03 | Create | Villager (Male) |
| 5:23 | Create | Villager (Male) |
| 5:24 | Create | Villager (Male) |
| 5:39 | Create | Villager (Male) |
| 5:39 | Create | Villager (Male) |
| 6:04 | Build | House |
| 6:08 | Create | Villager (Male) |
| 6:21 | Create | Villager (Male) |
| 6:34 | Create | Fishing Ship |
| 6:34 | Create | Fishing Ship |
| 6:43 | Create | Villager (Male) |
| 7:01 | Create | Fishing Ship |
| 7:01 | Create | Fishing Ship |
| 7:02 | Create | Villager (Male) |
| 7:19 | Build | House |
| 7:33 | Create | Villager (Male) |
| 7:41 | Create | Fishing Ship |
| 8:02 | Create | Villager (Male) |
| 8:02 | Create | Villager (Male) |
| 8:07 | Create | Fishing Ship |
| 8:25 | Create | Villager (Male) |
| 8:53 | Create | Villager (Male) |
| 8:56 | Build | House |
| 8:59 | Build | House |
| 9:07 | Build | Mill |
| 9:09 | Create | Villager (Male) |
| 9:34 | Build | House |
| 9:50 | Build | Mining Camp |
| 9:54 | Build | House |
| 9:55 | Create | Villager (Male) |
| 10:23 | Create | Villager (Male) |
| 10:29 | Create | Fishing Ship |
| 10:38 | Build | Palisade Wall |
| 10:38 | Build | Palisade Wall |
| 10:39 | Build | Palisade Wall |
| 10:39 | Build | Palisade Wall |
| 10:40 | Build | Palisade Wall |
| 10:40 | Build | Palisade Wall |
| 10:46 | Create | Villager (Male) |
| 11:16 | Research | Feudal Age |
| 11:25 | Build | Mining Camp |
| 11:40 | Build | Palisade Wall |
| 11:54 | Create | Villager (Male) |
| 12:39 | Build | Palisade Wall |
| 13:28 | Age | Feudal Age |
| 13:29 | Build | Market |
| 13:32 | Build | Blacksmith |
| 13:49 | Build | Palisade Wall |
| 13:54 | Create | Villager (Male) |
| 14:19 | Build | Lumber Camp |
| 14:31 | Research | Castle Age |
| 14:31 | Research | Castle Age |
| 14:45 | Build | House |
| 14:47 | Build | House |
| 15:02 | Build | House |
| 15:26 | Build | House |
| 15:31 | Build | Dock |
| 15:43 | Create | Villager (Male) |
| 16:18 | Create | Fire Galley |
| 16:32 | Create | Villager (Male) |
| 16:34 | Research | Double-Bit Axe |
| 16:36 | Research | Fletching |
| 17:02 | Create | Fire Galley |
| 17:11 | Age | Castle Age |
| 17:11 | Research | War Galley (upgrade) |
| 17:12 | Research | War Galley (upgrade) |
| 17:21 | Build | Castle |
| 17:30 | Create | Villager (Male) |
| 17:43 | Create | Villager (Male) |
| 18:05 | Create | Villager (Male) |
| 18:13 | Create | Fishing Ship |
| 18:38 | Create | Villager (Male) |
| 18:42 | Research | Bodkin Arrow |
| 18:42 | Research | Bodkin Arrow |
| 18:46 | Create | Fishing Ship |
| 18:47 | Create | Fishing Ship |
| 18:59 | Create | Unit 2626 |
| 19:18 | Create | Villager (Male) |
| 19:19 | Create | Genoese Crossbowman |
| 19:19 | Create | Genoese Crossbowman |
| 19:35 | Create | Fishing Ship |
| 19:45 | Create | Genoese Crossbowman |
| 19:46 | Create | Villager (Male) |
| 19:54 | Create | Genoese Crossbowman |
| 19:55 | Create | Villager (Male) |
| 20:04 | Create | Genoese Crossbowman |
| 20:12 | Build | Town Center |
| 20:16 | Create | Fishing Ship |
| 20:20 | Create | Villager (Male) |
| 20:35 | Build | Siege Workshop |
| 20:51 | Build | Lumber Camp |
| 21:06 | Create | Villager (Male) |
| 21:31 | Create | Mangonel |
| 21:39 | Create | Villager (Male) |
| 22:00 | Create | Villager (Male) |
| 22:09 | Create | Villager (Male) |
| 22:11 | Create | Villager (Male) |
| 22:21 | Create | Mangonel |
| 22:27 | Create | Villager (Male) |
| 22:29 | Create | Villager (Male) |
| 22:37 | Build | Stone Wall |
| 22:41 | Create | Villager (Male) |
| 22:45 | Create | Fishing Ship |
| 22:47 | Build | Dock |
| 22:57 | Create | Villager (Male) |
| 23:02 | Build | Stone Wall |
| 23:08 | Build | Stone Wall |
| 23:09 | Build | Stone Wall |
| 23:14 | Create | Villager (Male) |
| 23:23 | Create | Villager (Male) |
| 23:29 | Create | Fishing Ship |
| 23:30 | Create | Fishing Ship |
| 23:32 | Research | Tech 906 |
| 23:32 | Research | Tech 906 |
| 23:36 | Create | Villager (Male) |
| 23:41 | Create | Villager (Male) |
| 23:44 | Create | Mangonel |
| 23:47 | Create | Villager (Male) |
| 23:50 | Create | Villager (Male) |
| 24:02 | Build | Lumber Camp |
| 24:05 | Create | Fishing Ship |
| 24:07 | Create | Fishing Ship |
| 24:10 | Create | Villager (Male) |
| 24:19 | Create | Genoese Crossbowman |
| 24:33 | Research | Town Watch |
| 25:00 | Create | Villager (Male) |
| 25:01 | Create | Villager (Male) |
| 25:05 | Build | House |
| 25:06 | Build | House |
| 25:07 | Build | House |
| 25:07 | Build | House |
| 25:09 | Create | Fishing Ship |
| 25:11 | Create | Fishing Ship |
Build order — DS_TheHeartless
First 150 of 287 actions detected
| 0:42 | Build | Town Center |
| 0:46 | Build | Dock |
| 1:32 | Build | House |
| 2:53 | Create | Villager (Male) |
| 2:56 | Create | Villager (Male) |
| 3:09 | Create | Villager (Male) |
| 3:14 | Create | Villager (Male) |
| 3:53 | Build | House |
| 4:08 | Create | Fishing Ship |
| 4:08 | Create | Fishing Ship |
| 4:12 | Create | Villager (Male) |
| 4:58 | Create | Villager (Male) |
| 5:07 | Build | House |
| 5:32 | Create | Fishing Ship |
| 5:32 | Create | Villager (Male) |
| 6:02 | Create | Villager (Male) |
| 6:15 | Create | Fishing Ship |
| 6:28 | Create | Villager (Male) |
| 6:51 | Create | Villager (Male) |
| 6:58 | Build | House |
| 6:59 | Research | Loom |
| 7:00 | Create | Villager (Male) |
| 7:33 | Create | Fishing Ship |
| 7:36 | Create | Villager (Male) |
| 7:39 | Create | Villager (Male) |
| 7:52 | Build | House |
| 8:02 | Create | Villager (Male) |
| 8:20 | Create | Fishing Ship |
| 8:22 | Create | Villager (Male) |
| 8:43 | Create | Villager (Male) |
| 9:07 | Create | Fishing Ship |
| 9:11 | Build | House |
| 9:13 | Create | Villager (Male) |
| 10:02 | Build | Mining Camp |
| 10:24 | Create | Villager (Male) |
| 10:47 | Research | Feudal Age |
| 11:11 | Build | Mill |
| 12:50 | Create | Villager (Male) |
| 12:59 | Age | Feudal Age |
| 13:01 | Build | Blacksmith |
| 13:04 | Build | Market |
| 13:18 | Create | Villager (Male) |
| 13:54 | Research | Castle Age |
| 13:54 | Research | Castle Age |
| 14:04 | Create | Villager (Male) |
| 14:37 | Build | Mining Camp |
| 14:57 | Create | Villager (Male) |
| 15:11 | Create | Unit 2626 |
| 15:36 | Build | Outpost |
| 15:38 | Create | Villager (Male) |
| 15:52 | Create | Unit 2626 |
| 16:05 | Create | Villager (Male) |
| 16:34 | Age | Castle Age |
| 16:36 | Create | Villager (Male) |
| 16:42 | Build | Castle |
| 16:43 | Create | Villager (Male) |
| 16:46 | Build | Palisade Gate |
| 16:51 | Create | Villager (Male) |
| 16:52 | Build | Palisade Wall |
| 16:56 | Create | Villager (Male) |
| 17:05 | Build | Palisade Wall |
| 17:06 | Build | Palisade Wall |
| 17:10 | Build | Palisade Gate |
| 17:15 | Create | Unit 2626 |
| 17:16 | Create | Unit 2626 |
| 17:22 | Create | Villager (Male) |
| 17:40 | Create | Villager (Male) |
| 17:44 | Build | Lumber Camp |
| 17:49 | Create | Obuch |
| 17:57 | Create | Villager (Male) |
| 18:03 | Create | Villager (Male) |
| 18:05 | Create | Obuch |
| 18:20 | Research | Double-Bit Axe |
| 18:24 | Create | Villager (Male) |
| 18:39 | Create | Unit 2626 |
| 19:01 | Create | Villager (Male) |
| 19:09 | Build | Siege Workshop |
| 19:41 | Create | Unit 2626 |
| 19:46 | Create | Villager (Male) |
| 19:49 | Create | Mangonel |
| 19:50 | Create | Mangonel |
| 19:59 | Create | Villager (Male) |
| 20:20 | Create | Mangonel |
| 20:42 | Create | Villager (Male) |
| 20:53 | Create | Villager (Male) |
| 21:05 | Build | House |
| 21:39 | Create | Villager (Male) |
| 22:10 | Create | Villager (Male) |
| 22:36 | Build | Town Center |
| 22:37 | Create | Villager (Male) |
| 22:42 | Create | Mangonel |
| 22:51 | Build | Town Center |
| 23:14 | Build | Lumber Camp |
| 23:20 | Create | Villager (Male) |
| 23:30 | Build | House |
| 23:38 | Create | Unit 2626 |
| 23:46 | Create | Villager (Male) |
| 24:04 | Build | House |
| 24:06 | Create | Villager (Male) |
| 24:24 | Create | Unit 2626 ×3 |
| 24:27 | Research | Horse Collar |
| 24:29 | Build | Farm |
| 24:39 | Create | Villager (Male) |
| 24:42 | Create | Unit 2626 ×5 |
| 24:49 | Build | Palisade Gate |
| 24:51 | Build | Palisade Gate |
| 24:53 | Build | House |
| 24:54 | Build | Palisade Wall |
| 25:10 | Create | Villager (Male) |
| 25:20 | Create | Villager (Male) |
| 25:32 | Create | Villager (Male) |
| 25:46 | Create | Unit 2626 |
| 25:54 | Build | Mill |
| 26:01 | Build | Outpost |
| 26:33 | Create | Villager (Male) |
| 26:41 | Create | Villager (Male) |
| 26:50 | Build | Lumber Camp |
| 27:09 | Create | Villager (Male) |
| 27:10 | Build | Town Center |
| 27:12 | Create | Villager (Male) |
| 27:18 | Create | Mangonel |
| 27:27 | Create | Villager (Male) |
| 27:49 | Create | Villager (Male) |
| 27:50 | Create | Villager (Male) |
| 28:00 | Build | House |
| 28:31 | Create | Mangonel |
| 28:36 | Create | Villager (Male) |
| 28:43 | Build | Palisade Wall |
| 28:45 | Build | Mill |
| 28:50 | Create | Villager (Male) |
| 28:54 | Create | Villager (Male) |
| 28:55 | Create | Villager (Male) |
| 28:55 | Create | Villager (Male) |
| 29:07 | Create | Mangonel |
| 29:30 | Build | House |
| 29:32 | Build | House |
| 29:34 | Build | Palisade Wall |
| 29:40 | Create | Villager (Male) |
| 29:40 | Create | Villager (Male) |
| 29:49 | Build | Mining Camp |
| 30:02 | Build | Monastery |
| 30:06 | Create | Mangonel |
| 30:23 | Build | Mill |
| 30:23 | Build | Farm |
| 30:23 | Build | Farm |
| 30:24 | Build | Farm |
| 30:24 | Build | Farm |
| 30:24 | Build | Farm |
| 30:24 | Build | Farm |
| 30:24 | Build | Farm |
Build order — Gloriaz
First 150 of 499 actions detected
| 0:21 | Build | Town Center |
| 1:03 | Build | Dock |
| 1:04 | Build | House |
| 2:36 | Create | Villager (Male) ×5 |
| 2:38 | Create | Fishing Ship |
| 2:39 | Create | Fishing Ship |
| 3:36 | Build | House |
| 4:12 | Create | Villager (Male) |
| 4:13 | Create | Villager (Male) |
| 4:26 | Create | Villager (Male) |
| 4:32 | Create | Fishing Ship |
| 4:32 | Create | Fishing Ship |
| 4:59 | Create | Villager (Male) |
| 5:23 | Create | Fishing Ship |
| 5:37 | Create | Villager (Male) |
| 5:37 | Create | Villager (Male) |
| 5:53 | Build | House |
| 5:58 | Create | Villager (Male) |
| 6:00 | Research | Loom |
| 6:05 | Create | Villager (Male) |
| 6:12 | Create | Fishing Ship |
| 6:12 | Create | Fishing Ship |
| 6:27 | Build | House |
| 6:30 | Create | Villager (Male) |
| 6:37 | Create | Villager (Male) |
| 7:03 | Create | Fishing Ship |
| 7:03 | Create | Fishing Ship |
| 7:16 | Create | Villager (Male) |
| 7:16 | Create | Villager (Male) |
| 7:21 | Create | Fishing Ship |
| 7:42 | Create | Villager (Male) |
| 7:47 | Create | Fishing Ship |
| 8:02 | Create | Villager (Male) |
| 8:18 | Build | Lumber Camp |
| 8:27 | Build | House |
| 8:29 | Build | House |
| 8:45 | Create | Villager (Male) |
| 8:47 | Create | Fishing Ship |
| 9:02 | Create | Villager (Male) |
| 9:20 | Create | Fishing Ship |
| 9:25 | Build | House |
| 9:45 | Build | Mining Camp |
| 9:47 | Create | Villager (Male) |
| 9:48 | Create | Villager (Male) |
| 10:03 | Create | Fishing Ship |
| 10:20 | Create | Villager (Male) |
| 10:33 | Build | House |
| 10:34 | Build | House |
| 10:50 | Create | Villager (Male) |
| 10:52 | Create | Fishing Ship |
| 10:58 | Build | Dock |
| 11:16 | Create | Fishing Ship |
| 11:24 | Create | Villager (Male) |
| 12:06 | Research | Feudal Age |
| 12:06 | Research | Feudal Age |
| 12:20 | Build | Mill |
| 12:27 | Create | Fishing Ship |
| 12:27 | Create | Fishing Ship |
| 12:28 | Create | Fishing Ship |
| 12:29 | Create | Fishing Ship |
| 12:44 | Create | Fishing Ship |
| 13:05 | Build | House |
| 13:06 | Build | House |
| 13:07 | Build | House |
| 13:12 | Build | House |
| 13:13 | Build | House |
| 13:14 | Build | House |
| 13:15 | Build | House |
| 13:21 | Create | Fishing Ship |
| 13:34 | Create | Villager (Male) |
| 13:34 | Create | Villager (Male) |
| 13:35 | Create | Villager (Male) |
| 14:09 | Age | Feudal Age |
| 14:11 | Build | Market |
| 14:14 | Build | Blacksmith |
| 14:23 | Create | Fishing Ship |
| 14:24 | Create | Fishing Ship |
| 14:24 | Create | Fishing Ship |
| 14:49 | Build | Dock |
| 14:54 | Create | Villager (Male) |
| 14:54 | Create | Villager (Male) |
| 15:05 | Create | Fishing Ship |
| 15:05 | Create | Fishing Ship |
| 15:05 | Create | Fishing Ship |
| 15:36 | Research | Castle Age |
| 15:36 | Research | Castle Age |
| 15:43 | Create | Fishing Ship |
| 15:43 | Create | Fishing Ship |
| 15:44 | Create | Fishing Ship |
| 15:48 | Create | Fishing Ship |
| 16:11 | Research | Double-Bit Axe |
| 16:13 | Research | Horse Collar |
| 16:14 | Research | Horse Collar |
| 16:33 | Research | Gold Mining |
| 16:33 | Research | Gold Mining |
| 18:05 | Create | Villager (Male) |
| 18:06 | Age | Castle Age |
| 18:08 | Build | Town Center |
| 18:10 | Build | Town Center |
| 18:12 | Research | Bow Saw |
| 18:12 | Research | Bow Saw |
| 18:21 | Create | Fishing Ship |
| 19:07 | Build | Town Center |
| 19:11 | Create | Villager (Male) |
| 19:12 | Create | Villager (Male) |
| 19:16 | Create | Villager (Male) |
| 19:17 | Create | Villager (Male) |
| 19:17 | Create | Villager (Male) |
| 19:17 | Create | Villager (Male) |
| 19:18 | Create | Villager (Male) |
| 20:00 | Create | Villager (Male) |
| 20:10 | Build | Farm |
| 20:11 | Build | Farm |
| 20:11 | Build | Farm |
| 20:13 | Build | Farm |
| 20:14 | Build | Farm |
| 20:17 | Build | Farm |
| 20:18 | Build | Farm |
| 20:23 | Create | Villager (Male) |
| 20:23 | Create | Villager (Male) |
| 20:24 | Create | Villager (Male) |
| 20:57 | Create | Villager (Male) |
| 20:58 | Create | Villager (Male) |
| 20:58 | Create | Villager (Male) |
| 20:58 | Create | Villager (Male) |
| 20:58 | Create | Villager (Male) |
| 20:59 | Create | Villager (Male) |
| 21:15 | Build | Mining Camp |
| 21:27 | Build | Mining Camp |
| 21:35 | Create | Villager (Male) |
| 21:36 | Create | Villager (Male) |
| 21:36 | Create | Villager (Male) |
| 21:38 | Create | Villager (Male) |
| 21:39 | Create | Villager (Male) |
| 21:39 | Create | Villager (Male) |
| 21:39 | Create | Villager (Male) |
| 21:39 | Create | Villager (Male) |
| 21:42 | Build | Farm |
| 21:43 | Build | Farm |
| 21:46 | Build | Farm |
| 21:47 | Create | Villager (Male) |
| 21:49 | Create | Villager (Male) |
| 21:49 | Create | Villager (Male) |
| 21:50 | Create | Villager (Male) |
| 21:50 | Create | Villager (Male) |
| 21:52 | Build | Farm |
| 22:00 | Create | Villager (Male) |
| 22:00 | Create | Villager (Male) |
| 22:02 | Create | Villager (Male) |
| 22:40 | Create | Villager (Male) |
Build order — DL | Tortafuller
First 150 of 331 actions detected
| 0:13 | Build | Town Center |
| 1:56 | Build | Dock |
| 2:05 | Build | House |
| 2:38 | Create | Villager (Male) |
| 2:39 | Create | Villager (Male) |
| 2:39 | Create | Villager (Male) |
| 2:39 | Create | Villager (Male) |
| 2:39 | Create | Villager (Male) |
| 2:39 | Create | Villager (Male) |
| 3:47 | Build | House |
| 4:37 | Create | Fishing Ship |
| 4:46 | Create | Villager (Male) |
| 5:16 | Create | Fishing Ship |
| 5:17 | Create | Villager (Male) |
| 5:47 | Build | House |
| 5:54 | Create | Villager (Male) |
| 5:54 | Create | Villager (Male) |
| 6:12 | Create | Villager (Male) |
| 6:12 | Create | Villager (Male) |
| 6:36 | Create | Fishing Ship |
| 6:44 | Create | Villager (Male) |
| 6:44 | Create | Villager (Male) |
| 6:44 | Create | Villager (Male) |
| 7:25 | Create | Villager (Male) |
| 7:26 | Create | Villager (Male) |
| 7:26 | Create | Villager (Male) |
| 7:30 | Create | Fishing Ship |
| 7:30 | Create | Fishing Ship |
| 7:32 | Build | House |
| 7:53 | Create | Villager (Male) |
| 8:08 | Create | Villager (Male) |
| 8:09 | Create | Villager (Male) |
| 8:09 | Create | Villager (Male) |
| 8:14 | Create | Fishing Ship |
| 8:27 | Build | House |
| 8:44 | Create | Villager (Male) |
| 9:12 | Build | House |
| 9:58 | Create | Villager (Male) |
| 9:58 | Create | Villager (Male) |
| 10:25 | Build | Mining Camp |
| 10:34 | Create | Villager (Male) |
| 10:41 | Create | Villager (Male) |
| 10:48 | Build | Lumber Camp |
| 10:51 | Create | Fishing Ship |
| 11:23 | Create | Villager (Male) |
| 11:25 | Research | Feudal Age |
| 11:35 | Build | Dock |
| 12:58 | Build | Outpost |
| 13:08 | Build | House |
| 13:09 | Build | Palisade Wall |
| 13:11 | Build | Palisade Wall |
| 13:34 | Create | Villager (Male) |
| 13:34 | Create | Villager (Male) |
| 13:49 | Create | Fishing Ship |
| 13:49 | Create | Transport Ship |
| 13:50 | Create | Transport Ship |
| 14:13 | Age | Feudal Age |
| 14:18 | Build | Blacksmith |
| 14:27 | Build | Mill |
| 14:36 | Research | Double-Bit Axe |
| 14:53 | Create | Villager (Male) |
| 14:55 | Create | Fishing Ship |
| 14:55 | Create | Fishing Ship |
| 15:01 | Build | Market |
| 15:10 | Create | Villager (Male) |
| 15:28 | Build | Mining Camp |
| 15:47 | Research | Castle Age |
| 16:27 | Create | Villager (Male) |
| 16:34 | Build | House |
| 16:44 | Build | House |
| 16:51 | Research | Stone Mining |
| 16:57 | Create | Villager (Male) |
| 17:12 | Research | Gold Mining |
| 17:27 | Create | Transport Ship |
| 17:29 | Create | Transport Ship |
| 17:42 | Build | House |
| 17:48 | Create | Transport Ship |
| 18:01 | Build | House |
| 18:33 | Age | Castle Age |
| 18:39 | Create | Villager (Male) |
| 18:39 | Create | Villager (Male) |
| 19:01 | Build | Castle |
| 19:04 | Create | Villager (Male) |
| 19:05 | Create | Villager (Male) |
| 19:43 | Build | Castle |
| 19:50 | Build | House |
| 19:59 | Create | Villager (Male) |
| 20:04 | Create | Villager (Male) |
| 20:10 | Build | Siege Workshop |
| 20:25 | Create | Villager (Male) |
| 20:41 | Research | Bow Saw |
| 20:42 | Create | Villager (Male) |
| 20:47 | Build | Town Center |
| 20:52 | Build | House |
| 21:09 | Build | Lumber Camp |
| 21:14 | Create | Villager (Male) |
| 21:18 | Build | House |
| 21:21 | Build | House |
| 21:28 | Create | Villager (Male) |
| 21:35 | Create | Villager (Male) |
| 21:42 | Create | Villager (Male) |
| 21:51 | Create | Battering Ram |
| 21:51 | Create | Battering Ram |
| 22:04 | Create | Villager (Male) |
| 22:33 | Build | House |
| 22:40 | Create | Battering Ram |
| 22:40 | Create | Battering Ram |
| 22:43 | Create | Leitis |
| 22:44 | Create | Leitis |
| 22:45 | Create | Villager (Male) |
| 23:02 | Create | Battering Ram |
| 23:05 | Create | Villager (Male) |
| 23:31 | Create | Battering Ram |
| 23:45 | Create | Villager (Male) |
| 23:45 | Create | Villager (Male) |
| 23:49 | Build | House |
| 23:50 | Build | House |
| 24:20 | Build | Town Center |
| 24:22 | Create | Villager (Male) |
| 24:25 | Build | Monastery |
| 24:32 | Build | House |
| 24:38 | Create | Villager (Male) |
| 24:44 | Create | Battering Ram |
| 24:58 | Build | Farm |
| 25:00 | Build | Farm |
| 25:05 | Build | House |
| 25:18 | Create | Leitis |
| 25:19 | Create | Leitis |
| 25:39 | Build | House |
| 25:43 | Build | Farm |
| 25:44 | Build | Farm |
| 25:45 | Build | Farm |
| 25:48 | Create | Villager (Male) |
| 25:54 | Create | Monk |
| 26:21 | Build | House |
| 26:23 | Create | Villager (Male) |
| 26:24 | Create | Villager (Male) |
| 26:34 | Build | Mining Camp |
| 26:43 | Build | Farm |
| 26:43 | Build | Farm |
| 26:43 | Build | Farm |
| 26:43 | Build | Farm |
| 26:44 | Build | Farm |
| 26:45 | Create | Villager (Male) |
| 26:51 | Build | Town Center |
| 26:56 | Build | Farm |
| 27:08 | Build | House |
| 27:10 | Create | Villager (Male) |
| 27:15 | Create | Villager (Male) |
| 27:17 | Research | Loom |
Build order — PossiblySean
First 150 of 468 actions detected
| 0:20 | Build | Town Center |
| 1:23 | Build | House |
| 2:37 | Create | Villager (Male) |
| 2:37 | Create | Villager (Male) |
| 2:37 | Create | Villager (Male) |
| 2:37 | Create | Villager (Male) |
| 2:37 | Create | Villager (Male) |
| 2:56 | Build | Dock |
| 3:57 | Build | Palisade Wall |
| 4:06 | Build | Palisade Wall |
| 4:08 | Build | Palisade Wall |
| 4:16 | Build | House |
| 4:19 | Research | Loom |
| 5:12 | Create | Villager (Male) |
| 5:12 | Create | Villager (Male) |
| 5:12 | Create | Villager (Male) |
| 5:27 | Create | Villager (Male) |
| 5:27 | Create | Villager (Male) |
| 5:27 | Create | Villager (Male) |
| 5:30 | Create | Fishing Ship |
| 6:07 | Create | Villager (Male) |
| 6:07 | Create | Villager (Male) |
| 6:07 | Create | Villager (Male) |
| 6:07 | Create | Villager (Male) |
| 6:18 | Create | Fishing Ship |
| 6:19 | Create | Fishing Ship |
| 6:25 | Create | Villager (Male) |
| 6:25 | Create | Villager (Male) |
| 6:25 | Create | Villager (Male) |
| 6:36 | Build | House |
| 6:52 | Create | Villager (Male) |
| 6:52 | Create | Villager (Male) |
| 7:12 | Create | Villager (Male) |
| 7:12 | Create | Villager (Male) |
| 7:12 | Create | Villager (Male) |
| 7:21 | Create | Fishing Ship |
| 7:21 | Create | Fishing Ship |
| 7:39 | Create | Villager (Male) |
| 7:39 | Create | Villager (Male) |
| 7:39 | Create | Villager (Male) |
| 7:39 | Create | Villager (Male) |
| 8:09 | Create | Villager (Male) |
| 8:09 | Create | Villager (Male) |
| 8:09 | Create | Villager (Male) |
| 8:11 | Build | House |
| 8:20 | Create | Villager (Male) |
| 8:20 | Create | Villager (Male) |
| 8:20 | Create | Villager (Male) |
| 9:01 | Create | Fishing Ship |
| 9:42 | Build | Mill |
| 9:57 | Create | Villager (Male) |
| 10:29 | Research | Feudal Age |
| 10:30 | Research | Feudal Age |
| 11:11 | Build | House |
| 11:22 | Build | Outpost |
| 11:27 | Create | Villager (Male) |
| 11:27 | Create | Villager (Male) |
| 11:48 | Build | Mining Camp |
| 12:16 | Build | House |
| 12:24 | Build | Palisade Wall |
| 12:39 | Age | Feudal Age |
| 12:42 | Build | Stable |
| 12:52 | Build | Outpost |
| 12:53 | Create | Villager (Male) |
| 13:07 | Create | Villager (Male) |
| 13:39 | Build | Watch Tower |
| 13:42 | Create | Scout Cavalry |
| 13:42 | Create | Scout Cavalry |
| 13:42 | Create | Scout Cavalry |
| 13:42 | Create | Scout Cavalry |
| 13:45 | Create | Villager (Male) |
| 13:56 | Create | Villager (Male) |
| 14:02 | Create | Scout Cavalry |
| 14:02 | Create | Scout Cavalry |
| 14:10 | Build | Palisade Wall |
| 14:23 | Create | Villager (Male) |
| 14:34 | Build | Watch Tower |
| 14:42 | Create | Villager (Male) |
| 14:42 | Create | Villager (Male) |
| 15:01 | Create | Fishing Ship |
| 15:01 | Create | Fishing Ship |
| 15:02 | Create | Fishing Ship |
| 15:19 | Create | Villager (Male) |
| 15:47 | Create | Villager (Male) |
| 15:47 | Create | Villager (Male) |
| 15:53 | Create | Villager (Male) |
| 15:57 | Create | Villager (Male) |
| 16:17 | Build | House |
| 16:18 | Build | House |
| 16:20 | Create | Scout Cavalry |
| 16:40 | Build | House |
| 17:04 | Build | Watch Tower |
| 17:07 | Create | Villager (Male) |
| 17:09 | Build | House |
| 17:10 | Create | Villager (Male) |
| 17:13 | Build | Farm |
| 17:15 | Build | Farm |
| 17:36 | Create | Villager (Male) |
| 18:27 | Create | Villager (Male) |
| 18:43 | Build | Farm |
| 18:44 | Build | Farm |
| 18:44 | Build | Farm |
| 18:46 | Create | Villager (Male) |
| 18:57 | Build | Watch Tower |
| 19:17 | Create | Villager (Male) |
| 19:34 | Create | Villager (Male) |
| 19:57 | Build | Lumber Camp |
| 20:01 | Create | Villager (Male) |
| 20:19 | Create | Villager (Male) |
| 20:54 | Create | Villager (Male) |
| 21:36 | Build | Mining Camp |
| 21:56 | Create | Villager (Male) |
| 21:56 | Create | Villager (Male) |
| 22:45 | Research | Castle Age |
| 22:45 | Research | Castle Age |
| 23:13 | Create | Villager (Male) |
| 23:13 | Create | Villager (Male) |
| 24:04 | Build | Mining Camp |
| 24:10 | Research | Double-Bit Axe |
| 24:39 | Create | Villager (Male) |
| 24:40 | Create | Villager (Male) |
| 25:02 | Build | Palisade Gate |
| 25:03 | Build | House |
| 25:07 | Build | Palisade Wall |
| 25:11 | Build | Palisade Wall |
| 25:15 | Create | Villager (Male) |
| 25:15 | Create | Villager (Male) |
| 25:26 | Age | Castle Age |
| 25:31 | Build | Town Center |
| 25:43 | Build | Market |
| 25:56 | Build | Palisade Gate |
| 25:59 | Create | Villager (Male) |
| 26:18 | Create | Villager (Male) |
| 26:18 | Create | Villager (Male) |
| 26:27 | Create | Villager (Male) |
| 26:27 | Create | Villager (Male) |
| 26:27 | Create | Villager (Male) |
| 26:27 | Create | Villager (Male) |
| 26:38 | Build | Town Center |
| 26:43 | Create | Villager (Male) |
| 26:43 | Create | Villager (Male) |
| 26:43 | Create | Villager (Male) |
| 26:43 | Create | Villager (Male) |
| 27:07 | Build | Town Center |
| 27:09 | Create | Villager (Male) |
| 27:09 | Create | Villager (Male) |
| 27:14 | Create | Villager (Male) |
| 27:14 | Create | Villager (Male) |
| 27:24 | Research | Horse Collar |
| 27:24 | Research | Horse Collar |
Build order — DS_Moai
First 150 of 265 actions detected
| 0:26 | Build | Town Center |
| 0:31 | Build | Dock |
| 1:20 | Build | House |
| 1:45 | Build | Palisade Wall |
| 2:47 | Create | Villager (Male) |
| 2:47 | Create | Villager (Male) |
| 2:50 | Create | Villager (Male) |
| 2:50 | Create | Villager (Male) |
| 2:51 | Create | Villager (Male) |
| 3:50 | Build | House |
| 4:06 | Build | House |
| 4:17 | Create | Fishing Ship |
| 4:23 | Create | Villager (Male) |
| 4:28 | Build | House |
| 4:35 | Research | Loom |
| 4:45 | Build | House |
| 4:57 | Build | House |
| 5:09 | Build | Palisade Gate |
| 5:40 | Create | Fishing Ship |
| 5:47 | Build | House |
| 5:52 | Create | Villager (Male) |
| 6:13 | Create | Fishing Ship |
| 6:47 | Create | Villager (Male) |
| 6:49 | Create | Fishing Ship |
| 7:16 | Create | Villager (Male) |
| 7:26 | Build | House |
| 7:37 | Create | Villager (Male) |
| 7:50 | Create | Fishing Ship |
| 8:14 | Create | Villager (Male) |
| 8:30 | Build | House |
| 8:38 | Create | Villager (Male) |
| 9:05 | Create | Fishing Ship |
| 9:06 | Create | Villager (Male) |
| 9:24 | Create | Villager (Male) |
| 9:42 | Create | Fishing Ship |
| 9:52 | Create | Villager (Male) |
| 10:00 | Build | House |
| 10:13 | Create | Villager (Male) |
| 10:33 | Build | Outpost |
| 10:39 | Build | Mill |
| 10:45 | Create | Villager (Male) |
| 11:07 | Create | Villager (Male) |
| 11:16 | Build | House |
| 11:23 | Build | Mining Camp |
| 11:34 | Build | Palisade Wall |
| 11:36 | Create | Villager (Male) |
| 11:52 | Build | Palisade Wall |
| 11:53 | Build | Palisade Wall |
| 11:57 | Build | Palisade Wall |
| 12:00 | Create | Villager (Male) |
| 12:48 | Build | Mining Camp |
| 13:05 | Build | Palisade Wall |
| 13:08 | Build | Palisade Wall |
| 13:12 | Research | Feudal Age |
| 13:23 | Build | House |
| 13:28 | Build | House |
| 13:37 | Create | Villager (Male) |
| 13:58 | Build | House |
| 14:03 | Build | House |
| 14:18 | Build | Palisade Wall |
| 14:28 | Build | House |
| 14:29 | Build | House |
| 14:35 | Build | House |
| 14:37 | Create | Villager (Male) |
| 15:00 | Build | House |
| 15:12 | Build | House |
| 15:20 | Build | Palisade Wall |
| 15:21 | Build | Palisade Wall |
| 15:22 | Age | Feudal Age |
| 15:25 | Build | Watch Tower |
| 15:32 | Build | House |
| 15:37 | Build | House |
| 15:39 | Build | House |
| 15:42 | Create | Villager (Male) |
| 15:57 | Build | Watch Tower |
| 16:07 | Create | Fishing Ship |
| 16:32 | Build | Barracks |
| 16:34 | Build | Palisade Wall |
| 16:42 | Create | Villager (Male) |
| 16:49 | Build | House |
| 17:00 | Build | Stone Wall |
| 17:12 | Create | Villager (Male) |
| 17:43 | Build | Watch Tower |
| 17:52 | Create | Unit 2626 |
| 17:58 | Create | Villager (Male) |
| 18:16 | Create | Spearman |
| 18:32 | Create | Villager (Male) |
| 18:40 | Create | Villager (Male) |
| 18:45 | Build | Watch Tower |
| 18:53 | Create | Villager (Male) |
| 19:13 | Create | Villager (Male) |
| 19:30 | Build | Market |
| 19:34 | Build | House |
| 20:24 | Create | Spearman |
| 20:31 | Build | Lumber Camp |
| 20:38 | Create | Villager (Male) |
| 20:57 | Create | Villager (Male) |
| 21:28 | Create | Villager (Male) |
| 21:53 | Create | Villager (Male) |
| 22:20 | Create | Villager (Male) |
| 22:37 | Create | Villager (Male) |
| 22:51 | Create | Villager (Male) |
| 23:01 | Build | Lumber Camp |
| 23:30 | Build | House |
| 23:38 | Create | Villager (Male) |
| 24:12 | Create | Villager (Male) |
| 24:23 | Build | House |
| 24:38 | Create | Villager (Male) |
| 25:29 | Build | Blacksmith |
| 25:32 | Build | Palisade Wall |
| 25:37 | Create | Villager (Male) |
| 26:01 | Build | Dock |
| 26:09 | Research | Castle Age |
| 26:24 | Create | Villager (Male) |
| 26:30 | Build | Palisade Gate |
| 26:35 | Create | Fishing Ship |
| 27:32 | Research | Double-Bit Axe |
| 27:52 | Build | House |
| 27:54 | Research | Fletching |
| 28:41 | Build | Dock |
| 28:46 | Create | Fishing Ship |
| 28:49 | Age | Castle Age |
| 28:54 | Build | Castle |
| 29:07 | Build | Town Center |
| 29:11 | Create | Villager (Male) |
| 29:32 | Create | Villager (Male) |
| 29:35 | Create | Fishing Ship |
| 29:38 | Build | House |
| 30:05 | Create | Villager (Male) |
| 30:05 | Create | Villager (Male) |
| 30:13 | Create | Villager (Male) |
| 30:15 | Create | Rattan Archer |
| 30:30 | Create | Rattan Archer |
| 30:36 | Build | Town Center |
| 30:42 | Create | Fishing Ship |
| 30:44 | Create | Fishing Ship |
| 30:45 | Create | Rattan Archer |
| 30:55 | Create | Villager (Male) |
| 30:55 | Create | Villager (Male) |
| 31:14 | Build | Dock |
| 31:18 | Create | Fishing Ship |
| 31:25 | Create | Villager (Male) |
| 31:26 | Create | Villager (Male) |
| 31:27 | Create | Rattan Archer |
| 31:46 | Create | Fishing Ship |
| 31:53 | Create | Villager (Male) |
| 32:02 | Build | Mill |
| 32:14 | Create | Villager (Male) |
| 32:14 | Create | Villager (Male) |
| 32:25 | Create | Villager (Male) |
Build order — NuclearPasta
First 150 of 412 actions detected
| 0:16 | Build | Town Center |
| 1:00 | Build | Dock |
| 1:01 | Build | House |
| 2:31 | Create | Villager (Male) |
| 2:32 | Create | Villager (Male) |
| 2:32 | Create | Villager (Male) |
| 2:48 | Create | Villager (Male) |
| 3:33 | Create | Fishing Ship |
| 3:33 | Create | Fishing Ship |
| 4:01 | Build | House |
| 4:09 | Create | Villager (Male) |
| 4:09 | Create | Villager (Male) |
| 4:24 | Build | House |
| 4:39 | Create | Villager (Male) |
| 4:40 | Create | Villager (Male) |
| 5:02 | Create | Villager (Male) |
| 5:02 | Create | Villager (Male) |
| 5:20 | Create | Villager (Male) |
| 5:20 | Create | Villager (Male) |
| 5:34 | Build | House |
| 5:40 | Create | Fishing Ship |
| 5:40 | Create | Fishing Ship |
| 5:45 | Create | Villager (Male) |
| 5:46 | Create | Villager (Male) |
| 6:09 | Create | Villager (Male) |
| 6:09 | Create | Villager (Male) |
| 6:31 | Create | Fishing Ship |
| 6:31 | Create | Fishing Ship |
| 6:36 | Create | Villager (Male) |
| 6:37 | Create | Villager (Male) |
| 6:57 | Create | Villager (Male) |
| 7:00 | Build | House |
| 7:09 | Create | Fishing Ship |
| 7:25 | Create | Villager (Male) |
| 7:25 | Create | Villager (Male) |
| 7:47 | Create | Fishing Ship |
| 7:51 | Create | Villager (Male) |
| 7:51 | Create | Villager (Male) |
| 8:10 | Build | House |
| 8:16 | Create | Villager (Male) |
| 8:39 | Create | Fishing Ship |
| 9:00 | Build | House |
| 9:06 | Create | Villager (Male) |
| 9:30 | Create | Villager (Male) |
| 9:34 | Build | House |
| 9:49 | Build | Dock |
| 9:53 | Create | Villager (Male) |
| 10:11 | Build | Settlement |
| 10:26 | Create | Villager (Male) |
| 10:30 | Create | Fishing Ship |
| 10:47 | Create | Villager (Male) |
| 10:55 | Build | Dock |
| 11:04 | Create | Villager (Male) |
| 11:22 | Create | Fishing Ship |
| 11:32 | Build | House |
| 11:41 | Create | Villager (Male) |
| 11:55 | Research | Loom |
| 12:12 | Research | Feudal Age |
| 12:27 | Create | Fishing Ship |
| 12:27 | Create | Fishing Ship |
| 13:08 | Create | Fishing Ship |
| 13:08 | Create | Fishing Ship |
| 13:18 | Build | Settlement |
| 13:29 | Build | House |
| 14:01 | Build | Settlement |
| 14:09 | Create | Villager (Male) |
| 14:10 | Create | Villager (Male) |
| 14:22 | Build | Palisade Wall |
| 14:45 | Age | Feudal Age |
| 14:46 | Build | Market |
| 15:08 | Build | Blacksmith |
| 15:17 | Create | Villager (Male) |
| 15:35 | Research | Double-Bit Axe |
| 15:55 | Research | Castle Age |
| 15:58 | Research | Tech 906 |
| 16:04 | Create | Unit 2626 |
| 16:04 | Create | Unit 2626 |
| 16:06 | Research | Tech 906 |
| 16:18 | Create | Unit 2626 |
| 16:18 | Create | Unit 2626 |
| 16:20 | Create | Villager (Male) |
| 16:54 | Build | Stone Wall |
| 17:00 | Create | Unit 2626 |
| 17:00 | Create | Unit 2626 |
| 17:03 | Research | Gold Mining |
| 17:35 | Create | Fire Galley |
| 17:36 | Create | Fire Galley |
| 18:14 | Create | Fire Galley |
| 18:14 | Create | Fire Galley |
| 18:18 | Create | Fire Galley |
| 18:40 | Age | Castle Age |
| 18:44 | Research | War Galley (upgrade) |
| 18:58 | Research | Bow Saw |
| 19:04 | Build | Castle |
| 19:06 | Create | Villager (Male) |
| 19:08 | Research | Fletching |
| 19:09 | Create | Fire Galley |
| 19:09 | Create | Fire Galley |
| 19:10 | Create | Fire Galley |
| 19:33 | Create | Villager (Male) |
| 19:34 | Create | Villager (Male) |
| 19:38 | Research | Bodkin Arrow |
| 20:09 | Build | Dock |
| 20:13 | Create | Villager (Male) |
| 20:14 | Create | Villager (Male) |
| 20:18 | Create | Unit 2562 |
| 20:18 | Create | Unit 2562 |
| 20:20 | Create | Unit 2562 |
| 20:20 | Create | Unit 2562 |
| 20:49 | Create | Unit 2562 |
| 20:50 | Create | Unit 2562 |
| 20:53 | Create | Villager (Male) |
| 20:53 | Create | Villager (Male) |
| 21:03 | Create | Fishing Ship |
| 21:03 | Create | Fishing Ship |
| 21:04 | Create | Fishing Ship |
| 21:17 | Research | Gillnets |
| 21:25 | Create | Unit 2562 |
| 21:25 | Create | Unit 2562 |
| 21:25 | Create | Unit 2562 |
| 21:45 | Create | Unit 2562 |
| 21:45 | Create | Unit 2562 |
| 21:47 | Create | Villager (Male) |
| 21:47 | Create | Villager (Male) |
| 21:53 | Create | Petard |
| 21:57 | Create | Unit 2562 |
| 21:57 | Create | Unit 2562 |
| 22:09 | Create | Villager (Male) |
| 22:09 | Create | Villager (Male) |
| 22:11 | Create | Unit 2562 |
| 22:11 | Create | Unit 2562 |
| 22:15 | Build | Town Center |
| 22:27 | Create | Fishing Ship |
| 22:27 | Create | Fishing Ship |
| 22:42 | Research | Padded Archer Armor |
| 22:43 | Create | Unit 2562 |
| 22:43 | Create | Unit 2562 |
| 22:47 | Build | House |
| 22:57 | Create | Fishing Ship |
| 22:57 | Create | Fishing Ship |
| 23:14 | Build | House |
| 23:15 | Build | House |
| 23:25 | Create | Unit 2562 |
| 23:25 | Create | Unit 2562 |
| 23:25 | Create | Unit 2562 |
| 23:52 | Build | University |
| 23:57 | Create | Unit 2562 |
| 23:57 | Create | Unit 2562 |
| 23:57 | Create | Unit 2562 |
| 23:59 | Create | Villager (Male) |
Match timeline
| 0:31 | DS_Moai · first_building Dock |
| 0:46 | DS_TheHeartless · first_building Dock |
| 0:58 | Cris_1z · first_building Dock |
| 1:00 | NuclearPasta · first_building Dock |
| 1:03 | Gloriaz · first_building Dock |
| 1:13 | Cris_1z · wall_segment Palisade Wall x1 |
| 1:14 | LaochraGael · first_building Dock |
| 1:15 | Cris_1z · wall_segment Palisade Wall x1 |
| 1:45 | DS_Moai · wall_segment Palisade Wall x1 |
| 1:56 | DL | Tortafuller · first_building Dock |
| 2:56 | PossiblySean · first_building Dock |
| 3:57 | PossiblySean · wall_segment Palisade Wall x2 |
| 4:06 | PossiblySean · wall_segment Palisade Wall x1 |
| 4:08 | PossiblySean · wall_segment Palisade Wall x1 |
| 10:38 | LaochraGael · wall_segment Palisade Wall x1 |
| 10:38 | LaochraGael · wall_segment Palisade Wall x1 |
| 10:39 | LaochraGael · wall_segment Palisade Wall x1 |
| 10:39 | LaochraGael · wall_segment Palisade Wall x1 |
| 10:40 | LaochraGael · wall_segment Palisade Wall x1 |
| 10:40 | LaochraGael · wall_segment Palisade Wall x1 |
| 11:34 | DS_Moai · wall_segment Palisade Wall x8 |
| 11:40 | LaochraGael · wall_segment Palisade Wall x1 |
| 11:52 | DS_Moai · wall_segment Palisade Wall x1 |
| 11:53 | DS_Moai · wall_segment Palisade Wall x1 |
| 11:57 | DS_Moai · wall_segment Palisade Wall x1 |
| 12:24 | PossiblySean · wall_segment Palisade Wall x1 |
| 12:39 | LaochraGael · wall_segment Palisade Wall x1 |
| 12:39 | PossiblySean · age_up feudal |
| 12:42 | PossiblySean · first_building Stable |
| 12:56 | Cris_1z · wall_segment Palisade Wall x4 |
| 12:59 | DS_TheHeartless · age_up feudal |
| 13:05 | DS_Moai · wall_segment Palisade Wall x1 |
| 13:08 | DS_Moai · wall_segment Palisade Wall x7 |
| 13:09 | DL | Tortafuller · wall_segment Palisade Wall x5 |
| 13:11 | DL | Tortafuller · wall_segment Palisade Wall x1 |
| 13:26 | Cris_1z · wall_segment Palisade Wall x3 |
| 13:28 | LaochraGael · age_up feudal |
| 13:49 | LaochraGael · wall_segment Palisade Wall x1 |
| 13:52 | DS_TheHeartless · first_market_sell 100 stone |
| 14:09 | Gloriaz · age_up feudal |
| 14:10 | PossiblySean · wall_segment Palisade Wall x1 |
| 14:13 | DL | Tortafuller · age_up feudal |
| 14:18 | DS_Moai · wall_segment Palisade Wall x6 |
| 14:22 | NuclearPasta · wall_segment Palisade Wall x1 |
| 14:32 | Cris_1z · age_up feudal |
| 14:45 | NuclearPasta · age_up feudal |
| 15:20 | DS_Moai · wall_segment Palisade Wall x1 |
| 15:21 | DS_Moai · wall_segment Palisade Wall x1 |
| 15:22 | DS_Moai · age_up feudal |
| 15:27 | Gloriaz · first_market_buy 100 food |
| 15:36 | Cris_1z · wall_segment Palisade Wall x1 |
| 15:37 | Cris_1z · wall_segment Palisade Wall x1 |
| 15:38 | Cris_1z · wall_segment Palisade Wall x1 |
| 15:38 | DL | Tortafuller · first_market_buy 100 food |
| 15:39 | Cris_1z · wall_segment Palisade Wall x1 |
| 15:39 | Cris_1z · wall_segment Palisade Wall x1 |
| 15:45 | DL | Tortafuller · first_market_sell 100 wood |
| 15:54 | NuclearPasta · first_market_buy 100 wood |
| 16:32 | DS_Moai · first_building Barracks |
| 16:34 | DS_Moai · wall_segment Palisade Wall x1 |
| 16:34 | DS_TheHeartless · age_up castle |
| 16:37 | DS_TheHeartless · first_market_buy 100 stone |
| 16:42 | DS_TheHeartless · first_building Castle |
| 16:51 | Cris_1z · first_building Barracks |
| 16:52 | DS_TheHeartless · wall_segment Palisade Wall x1 |
| 16:54 | NuclearPasta · wall_segment Stone Wall x6 |
| 17:00 | DS_Moai · wall_segment Stone Wall x1 |
| 17:05 | DS_TheHeartless · wall_segment Palisade Wall x1 |
| 17:06 | DS_TheHeartless · wall_segment Palisade Wall x1 |
| 17:11 | LaochraGael · age_up castle |
| 17:21 | LaochraGael · first_building Castle |
| 17:36 | Cris_1z · first_building Archery Range |
| 18:06 | Gloriaz · age_up castle |
| 18:11 | Cris_1z · age_up castle |
| 18:25 | Cris_1z · wall_segment Palisade Wall x1 |
| 18:33 | DL | Tortafuller · age_up castle |
| 18:40 | NuclearPasta · age_up castle |
| 19:01 | DL | Tortafuller · first_building Castle |
| 19:04 | NuclearPasta · first_building Castle |
| 19:09 | DS_TheHeartless · first_building Siege Workshop |
| 19:31 | NuclearPasta · first_market_sell 100 food |
| 20:10 | LaochraGael · first_market_sell 100 wood |
| 20:10 | DL | Tortafuller · first_building Siege Workshop |
| 20:11 | LaochraGael · first_market_buy 100 stone |
| 20:35 | LaochraGael · first_building Siege Workshop |
| 22:37 | LaochraGael · wall_segment Stone Wall x9 |
| 22:43 | Gloriaz · first_building Siege Workshop |
| 23:02 | LaochraGael · wall_segment Stone Wall x1 |
| 23:05 | Cris_1z · first_market_buy 100 food |
| 23:08 | LaochraGael · wall_segment Stone Wall x1 |
| 23:09 | LaochraGael · wall_segment Stone Wall x1 |
| 23:21 | Gloriaz · wall_segment Palisade Wall x1 |
| 24:25 | DL | Tortafuller · first_building Monastery |
| 24:41 | DS_Moai · first_market_sell 500 wood |
| 24:42 | DS_Moai · first_market_buy 100 food |
| 24:53 | Gloriaz · first_building Castle |
| 24:54 | DS_TheHeartless · wall_segment Palisade Wall x1 |
| 25:07 | PossiblySean · wall_segment Palisade Wall x1 |
| 25:11 | PossiblySean · wall_segment Palisade Wall x3 |
| 25:26 | PossiblySean · age_up castle |
| 25:32 | DS_Moai · wall_segment Palisade Wall x5 |
| 26:04 | Cris_1z · first_building Siege Workshop |
| 26:49 | PossiblySean · first_market_sell 100 food |
| 26:51 | PossiblySean · first_market_buy 100 wood |
| 28:14 | Gloriaz · first_market_sell 100 food |
| 28:43 | DS_TheHeartless · wall_segment Palisade Wall x9 |
| 28:49 | DS_Moai · age_up castle |
| 28:54 | DS_Moai · first_building Castle |
| 29:34 | DS_TheHeartless · wall_segment Palisade Wall x1 |
| 29:55 | LaochraGael · wall_segment Stone Wall x6 |
| 30:02 | DS_TheHeartless · first_building Monastery |
| 30:20 | LaochraGael · first_building Barracks |
| 31:01 | LaochraGael · wall_segment Stone Wall x8 |
| 31:08 | LaochraGael · wall_segment Stone Wall x9 |
| 31:37 | LaochraGael · first_building Archery Range |
| 32:00 | LaochraGael · age_up imperial |
| 32:20 | Cris_1z · first_market_sell 100 wood |
| 32:40 | Cris_1z · first_building Monastery |
| 33:50 | DL | Tortafuller · first_building Barracks |
| 34:32 | DL | Tortafuller · first_building Archery Range |
| 35:10 | NuclearPasta · first_building Barracks |
| 36:11 | Cris_1z · wall_segment Palisade Wall x1 |
| 36:18 | Cris_1z · age_up imperial |
| 36:22 | NuclearPasta · age_up imperial |
| 36:24 | Cris_1z · wall_segment Palisade Wall x1 |
| 36:46 | DL | Tortafuller · age_up imperial |
| 37:04 | Gloriaz · first_building Barracks |
| 37:20 | DS_Moai · first_building Siege Workshop |
| 37:55 | Gloriaz · age_up imperial |
| 37:59 | DL | Tortafuller · wall_segment Palisade Wall x1 |
| 38:09 | Cris_1z · first_building Castle |
| 38:38 | DS_TheHeartless · first_building Barracks |
| 39:46 | DS_TheHeartless · first_building Archery Range |
| 40:10 | DS_TheHeartless · first_building Stable |
| 41:13 | DS_Moai · resign |
[ AI ANALYSIS · 1 CREDIT ]
What really happened in this match?
Wolo.gg analyzes every decision: build order, eco, micro, common mistakes by bracket. Personalized analysis on WhatsApp or Discord in 30 seconds.
Civ guide
Mapuche
Perfil
Jugador #11157751